 Dungeon Sprint DCSS version 0.30.0-18-gc0e69614cb (webtiles) character file.

Game seed: 10475721418612411885

4400000 PoweredByGinger the Axe Maniac (level 22, -4/169 HPs)
             Began as a Gargoyle Berserker on May 26, 2023.
             Was the Champion of Makhleb.
             Slain by a meat berserker
             ... wielding a +9 battleaxe
              (58 damage)
             ... in the Dungeon (Sprint VIII: "Arena of Blood").
             The game lasted 00:01:28 (44 turns).

PoweredByGinger the Axe Maniac (Gargoyle Berserker)   Turns: 44, Time: 00:01:29

Health: -4/169     AC: 21    Str: 30    XL:     22   Next: 38%
Magic:  22/36      EV: 21    Int: 10    God:    Makhleb [******]
Gold:   0          SH:  0    Dex:  9    Spells: 21/21 levels left

rFire   . . .        i - +∞ Axe of Woe
rCold   . . .        (shield currently unavailable)
rNeg    + . .        b - +0 animal skin
rPois   ∞            (no helmet)
rElec   +            (no cloak)
rCorr   .            (no gloves)
SInv    .            (no boots)
Will    +....        (no amulet)
Stlth   ++++++++     (no ring)
HPRegen 0.48/turn    (no ring)
MPRegen 0.25/turn

%: no teleportation
@: flying
A: sickness immunity, AC +16, big wings, negative energy resistance 1,
electricity resistance, torment resistance 1, petrification resistance
a: Renounce Religion, Minor Destruction, Lesser Servant of Makhleb, Major
Destruction, Greater Servant of Makhleb


You were in the Dungeon.
You worshipped Makhleb.
Makhleb was exalted by your worship.
You visited 1 branch

Inventory:

Hand Weapons
 a - a +0 hand axe
 i - the +∞ Axe of Woe (weapon)
   (You found it in the Dungeon)
Armour
 b - a +0 animal skin (worn)
Scrolls
 h - a scroll of blinking
Potions
 c - a potion of curing
 d - a potion of heal wounds
 e - a potion of haste
 f - 2 potions of magic
 g - a potion of berserk rage


   Skills:
 O Level 27 Fighting
 + Level 18.6(21.7) Short Blades
 + Level 18.6(21.7) Long Blades
 O Level 27 Axes
 + Level 20.2(27) Maces & Flails
 + Level 18.6(26.8) Polearms
 + Level 19.1(25.4) Staves
 + Level 19.1 Ranged Weapons
 + Level 17.7 Throwing
 O Level 27 Armour
 O Level 27 Dodging
 * Level 22.3 Stealth
 + Level 20.7 Shields
 + Level 19.1 Unarmed Combat
 + Level 20.7 Invocations
 + Level 17.7 Evocations


You had 21 spell levels left.
You didn't know any spells.
Your spell library was empty.

Dungeon Overview and Level Annotations

Branches:
Dungeon (1/1)

Altars:
Makhleb


Innate Abilities, Weirdness & Mutations

You are immune to sickness and miasma.
Your stone body is resilient. (AC +16)
You are immune to poison.
Your large and strong wings let you fly.
You resist negative energy. (rN+)
You are resistant to electric shocks. (rElec)
You are resistant to unholy torment.
You are immune to petrification.


Message History

Unknown command.
Unknown command.
Unknown command.
You cut the bag of meat into ribbons!!!
You cleave the bag of meat in twain.
You kill the bag of meat!
Makhleb accepts your kill.
You feel better.
You hit The Servant.
You cleave The Servant in twain.
You kill The Servant!
Makhleb accepts your kill.
You feel better.
You slash the large bag of meat!
Flame seeps out of the large bag of meat.
You butcher the large bag of meat messily.
Makhleb accepts your kill.
You feel better.
The large bag of meat explodes!
The fiery explosion engulfs you but does no damage.
You are engulfed in blazing flames.
You hear a shout! x7
Your base Maces & Flails skill increases to level 20!
Your base Staves skill increases to level 19!
Your Ranged Weapons skill increases to level 19!
Your Stealth skill increases to level 22!
Your Shields skill increases to level 20!
Your Unarmed Combat skill increases to level 19!
Your Invocations skill increases to level 20!
Unknown command.
Unknown command.
You hear a shout! x3
The eight-headed meat hydra calls on the powers of darkness!
The eight-headed meat hydra convulses!
The meat berserker convulses!
Your body is wracked with pain!
You hear a shout!
The meat berserker is engulfed in blazing flames.
The meat berserker hits you with a +9 battleaxe!!!
A bag of meat comes into view. It is wielding a +9 war axe.
You hear a shout! x5
Unknown command.
The meat berserker attacks as you move away!
The meat berserker hits you with a +9 battleaxe!!!
You die...

...###.).)...###..
.....#.)))...#....
..z..#.))°...#....
........°○).......
o................#
......§.........#
..O....°§).)..##..
....#.§§OD...#....
......)@.)...#...#
...##.#...........
. ..............
#....#.....####
..............
................
##.......=......
###### #######


You could see an eight-headed meat hydra, a sculptor of flesh, 2 meat berserkers
and a bag of meat (wandering).

Vanquished Creatures
  Harold (D)
  2 vampire knights (D)
  17 ogres (D)
  3 two-headed ogres (D)
  24 orcs (D)
  A skeletal warrior (D)
48 creatures vanquished.

Notes
Turn   | Place    | Note
-------+----------+-------------------------------------------
     0 | D        | Found the +∞ Axe of Woe
     0 | D        | PoweredByGinger the Gargoyle Berserker began the quest for
                  | the Orb.
     0 | D        | Reached XP level 1. HP: 14/14 MP: 1/1
     2 | D        | Noticed a bag of meat
     3 | D        | Noticed a meat berserker
     4 | D        | Fell from the grace of Trog
     4 | D        | Became a worshipper of Makhleb the Destroyer
     5 | D        | Noticed a bag of meat
     5 | D        | Noticed a meat berserker
     5 | D        | Noticed a bag of meat
     6 | D        | Noticed a bag of meat
     7 | D        | Killed a meat berserker
     8 | D        | Reached skill level 10 in Armour
     8 | D        | Reached XP level 2. HP: 40/40 MP: 2/2
     8 | D        | Reached XP level 3. HP: 46/46 MP: 3/3
     8 | D        | Reached XP level 4. HP: 52/52 MP: 4/4
     8 | D        | Reached XP level 5. HP: 57/57 MP: 5/5
     8 | D        | Reached XP level 6. HP: 63/63 MP: 6/6
     8 | D        | Reached XP level 7. HP: 68/68 MP: 7/7
     8 | D        | Reached XP level 8. HP: 74/74 MP: 8/8
     8 | D        | Reached XP level 9. HP: 79/79 MP: 9/9
     8 | D        | Reached XP level 10. HP: 85/85 MP: 10/10
     8 | D        | Reached XP level 11. HP: 90/90 MP: 11/11
     8 | D        | Reached XP level 12. HP: 96/96 MP: 12/12
     8 | D        | Noticed a meat berserker
     9 | D        | Killed a meat berserker
     9 | D        | Reached * piety under Makhleb
    10 | D        | Reached XP level 13. HP: 106/106 MP: 13/13
    10 | D        | Killed a bag of meat
    10 | D        | Killed a bag of meat
    10 | D        | Noticed a bag of meat
    10 | D        | Noticed a meat berserker
    11 | D        | Reached skill level 10 in Dodging
    11 | D        | Gained mutation: Your large and strong wings let you fly.
                  | [Gargoyle growth]
    11 | D        | Reached XP level 14. HP: 115/115 MP: 14/14
    11 | D        | Killed a bag of meat
    11 | D        | Reached ** piety under Makhleb
    11 | D        | Noticed a meat berserker
    12 | D        | Killed a bag of meat
    13 | D        | Noticed a meat berserker
    13 | D        | Noticed a bag of meat
    13 | D        | Noticed a bag of meat
    13 | D        | Noticed a meat berserker
    14 | D        | Noticed a bag of meat
    14 | D        | Noticed a bag of meat
    14 | D        | Noticed a bag of meat
    14 | D        | Noticed a meat berserker
    14 | D        | Noticed a bag of meat
    15 | D        | Noticed a meat berserker
    15 | D        | Killed a meat berserker
    15 | D        | Killed a meat berserker
    15 | D        | Reached *** piety under Makhleb
    15 | D        | Noticed a meat berserker
    16 | D        | Reached skill level 27 in Fighting
    16 | D        | Reached skill level 27 in Axes
    16 | D        | Reached skill level 15 in Dodging
    16 | D        | Reached XP level 15. HP: 127/127 MP: 15/15
    16 | D        | Noticed a large bag of meat
    16 | D        | Noticed a meat berserker
    16 | D        | Noticed a meat berserker
    16 | D        | Noticed a meat berserker
    17 | D        | Killed a meat berserker
    17 | D        | Killed a meat berserker
    17 | D        | Killed a meat berserker
    17 | D        | Reached **** piety under Makhleb
    18 | D        | Reached XP level 16. HP: 133/133 MP: 16/16
    18 | D        | Killed a meat berserker
    18 | D        | Noticed a large bag of meat
    18 | D        | Noticed a meat berserker
    19 | D        | Reached XP level 17. HP: 139/139 MP: 17/17
    19 | D        | Killed a meat berserker
    20 | D        | Reached skill level 27 in Armour
    20 | D        | Reached ***** piety under Makhleb
    20 | D        | Killed a meat berserker
    21 | D        | Reached skill level 27 in Dodging
    21 | D        | Reached XP level 18. HP: 145/145 MP: 18/18
    21 | D        | Killed a meat berserker
    22 | D        | Reached skill level 10 in Stealth
    22 | D        | Killed a meat berserker
    22 | D        | Killed a meat berserker
    22 | D        | Reached ****** piety under Makhleb
    23 | D        | Reached skill level 10 in Short Blades
    23 | D        | Reached skill level 10 in Long Blades
    23 | D        | Reached skill level 10 in Polearms
    23 | D        | Reached skill level 10 in Staves
    23 | D        | Reached skill level 10 in Ranged Weapons
    23 | D        | Reached skill level 10 in Throwing
    23 | D        | Reached skill level 10 in Unarmed Combat
    23 | D        | Reached skill level 10 in Evocations
    23 | D        | Reached XP level 19. HP: 151/151 MP: 18/27
    24 | D        | Killed a large bag of meat
    24 | D        | Killed a meat berserker
    25 | D        | Reached skill level 15 in Stealth
    25 | D        | Reached XP level 20. HP: 119/157 MP: 18/30
    25 | D        | Killed a large bag of meat
    25 | D        | Noticed a destroyer
    26 | D        | Reached skill level 15 in Maces & Flails
    26 | D        | Reached skill level 15 in Shields
    26 | D        | Reached skill level 15 in Invocations
    29 | D        | Reached skill level 15 in Short Blades
    29 | D        | Reached skill level 15 in Long Blades
    29 | D        | Reached skill level 15 in Polearms
    29 | D        | Reached skill level 15 in Staves
    29 | D        | Reached skill level 15 in Ranged Weapons
    29 | D        | Reached skill level 15 in Unarmed Combat
    29 | D        | Reached XP level 21. HP: 125/163 MP: 19/33
    29 | D        | Noticed an eight-headed meat hydra
    29 | D        | Killed a destroyer
    29 | D        | Noticed a meat berserker
    30 | D        | Reached skill level 15 in Throwing
    30 | D        | Reached skill level 15 in Evocations
    33 | D        | Noticed a meat berserker
    34 | D        | Noticed a destroyer
    34 | D        | Noticed a meat berserker
    35 | D        | Noticed a meat berserker
    36 | D        | Killed a meat berserker
    37 | D        | Noticed The Servant
    37 | D        | Noticed a large bag of meat
    38 | D        | Killed a meat berserker
    39 | D        | Killed a meat berserker
    39 | D        | Killed a destroyer
    40 | D        | Reached XP level 22. HP: 124/169 MP: 21/35
    42 | D        | Killed The Servant
    42 | D        | Killed a large bag of meat
    44 | D        | Slain by a meat berserker

Illustrated notes

Levels and vault maps discovered:
D:        meatsprint

Skill      XL: |  1  2  3  4  5  6  7  8  9 10 11 12 13 14 15 16 17 18 19 20 21 22 |
---------------+-------------------------------------------------------------------+-----
Fighting       | 20 22 23 27 | 27.0
Axes           | 17 21 23 27 | 27.0
Armour         | 10 12 13 17 24 26 27 | 27.0
Dodging        | 8 9 10 15 21 22 27 | 27.0
Short Blades   | 10 13 15 18 | 18.6
Long Blades    | 10 13 15 18 | 18.6
Maces & Flails | 11 14 16 19 20 | 20.2
Polearms       | 10 13 15 18 | 18.6
Staves         | 10 13 15 18 19 | 19.1
Ranged Weapons | 10 13 15 18 19 | 19.1
Throwing       | 10 12 14 17 | 17.7
Stealth        | 12 15 18 21 22 | 22.3
Shields        | 11 14 16 19 20 | 20.7
Unarmed Combat | 10 13 15 18 19 | 19.1
Invocations    | 11 14 17 19 20 | 20.7
Evocations     | 10 12 14 17 | 17.7

Action                     |  1- 3 |  4- 6 |  7- 9 | 10-12 | 13-15 | 16-18 | 19-21 | 22-24 || total
---------------------------+-------+-------+-------+-------+-------+-------+-------+-------++-------
  Melee: Executioner's axe |     1 |       |       |     1 |     5 |     5 |     9 |     1 ||    22
 Armour: Animal skin       |       |       |       |       |       |       |     1 |     2 ||     3
  Dodge: Dodged            |       |       |       |       |       |       |     1 |       ||     1
